 Dungeon Crawl Stone Soup version 0.18.1-5-g4a78601 (webtiles) character file.

114074 Mefis the Thaumaturge (level 16, -5/89 HPs)
             Began as a Deep Elf Wizard on May 12, 2016.
             Was a High Priest of Sif Muna.
             Slain by a seven-headed hydra simulacrum (33 damage)
             ... in an ice cave on May 13, 2016.
             The game lasted 04:55:54 (47228 turns).

Mefis the Thaumaturge (Deep Elf Wizard)            Turns: 47228, Time: 04:55:56

Health: -5/89      AC: 17    Str:  5    XL:     16   Next: 15%
Magic:  40/45      EV: 17    Int: 35    God:    Sif Muna [*****.]
Gold:   295        SH:  5    Dex: 13    Spells: 13 memorised, 3 levels left

rFire  + . .     SeeInvis .     a - staff of fire
rCold  . . .     Gourm    .     E - +2 troll leather armour
rNeg   . . .     Faith    .     M - +0 buckler
rPois  .         Spirit   .     s - +3 hat of Pondering {ponderous, MR+ MP+10 Int+5}
rElec  .         Dismiss  .     A - +0 cloak
rCorr  .         Reflect  .     (no gloves)
SustAt .         Harm     .     G - +2 pair of boots {Stlth+}
MR     +++..                    l - amulet of magic regeneration
Stlth  +++++.....               t - +4 ring of protection
                                P - ring of protection from magic

@: repel missiles, slow, extremely resistant to hostile enchantments, quite
stealthy
A: blink, robust 1, sturdy frame 1
a: Blink, Channel Energy, Forget Spell, Renounce Religion


You were in an ice cave.
You worshipped Sif Muna.
Sif Muna was extremely pleased with you.
You were not hungry.

You visited 4 branches of the dungeon, and saw 24 of its levels.
You also visited: Bailey, Ice Cave and Volcano.

You collected 1424 gold pieces.
You spent 1129 gold pieces at shops.

Inventory:

Hand Weapons
 b - the +9 hand axe "Esteg" {chop, rElec rN+ Str+2 Dex+3}
   (You found it on level 3 of the Lair of Beasts)

   It inflicts extra damage upon your enemies.
   It affects your strength (+2).
   It affects your dexterity (+3).
   It insulates you from electricity.
   It protects you from negative energy.
Armour
 s - the +3 hat of Pondering (worn) {ponderous, MR+ MP+10 Int+5}
   (You took it off Gastronok on level 2 of the Lair of Beasts)

   It affects your intelligence (+5).
   It affects your resistance to hostile enchantments.
   It affects your magic capacity (+10).
 A - a +0 cloak (worn)
 E - a +2 troll leather armour (worn)
 G - a +2 pair of boots of stealth (worn)
 M - a +0 buckler (worn)
Magical Staves
 a - an uncursed staff of fire (weapon)
Jewellery
 l - an amulet of magic regeneration (around neck)
 n - an uncursed ring of see invisible
 t - a +4 ring of protection (right hand)
 B - an uncursed ring of stealth
 P - a ring of protection from magic (left hand)
 Y - an uncursed ring of poison resistance
Scrolls
 g - 3 scrolls of blinking
 i - 12 scrolls of remove curse
 q - a scroll of fear
 v - 4 scrolls of fog
 K - 3 scrolls of magic mapping
 X - a scroll of summoning
 Z - 9 scrolls of teleportation
Potions
 d - a potion of ambrosia {unknown}
 e - 2 potions of brilliance
 f - 3 potions of agility
 o - 4 potions of might
 r - 3 potions of heal wounds
 x - 7 potions of curing
 H - 2 potions of invisibility
 U - a potion of haste
Books
 c - a book of Minor Magic

   Spells                             Type                      Level
   a - Magic Dart                     Conjuration                  1
   b - Blink                          Translocation                2
   c - Call Imp                       Summoning                    2
   d - Repel Missiles                 Charms/Air                   2
   e - Slow                           Hexes                        2
   f - Conjure Flame                  Conjuration/Fire             3
   g - Mephitic Cloud                 Conjuration/Poison/Air       3
 j - a book of the Warp

   Spells                             Type                      Level
   a - Recall                         Summoning/Translocation      3
   b - Gell's Gravitas                Hexes/Translocation          3
   c - Force Lance                    Conjuration/Translocation    4
   d - Warp Weapon                    Charms/Translocation         5
   e - Summon Forest                  Summoning/Translocation      5
 k - a Young Poisoner's Handbook

   Spells                             Type                      Level
   a - Sting                          Conjuration/Poison           1
   b - Cure Poison                    Poison                       2
   c - Mephitic Cloud                 Conjuration/Poison/Air       3
   d - Olgreb's Toxic Radiance        Poison                       4
   e - Venom Bolt                     Conjuration/Poison           5
 J - Paff's Handbook of Slavery and Poison
   (Sif Muna gifted it to you on level 13 of the Dungeon)

   Spells                             Type                      Level
   a - Summon Butterflies             Summoning                    1
   b - Ignite Poison                  Fire/Transmutation/Poison    3
   c - Olgreb's Toxic Radiance        Poison                       4
   d - Venom Bolt                     Conjuration/Poison           5
   e - Summon Mana Viper              Hexes/Summoning              5
   f - Aura of Abjuration             Summoning                    5
   g - Summon Demon                   Summoning                    5
   h - Summon Hydra                   Summoning                    7
 L - a book of Envenomations

   Spells                             Type                      Level
   a - Spider Form                    Transmutation/Poison         3
   b - Olgreb's Toxic Radiance        Poison                       4
   c - Alistair's Intoxication        Transmutation/Poison         5
   d - Poisonous Cloud                Conjuration/Poison/Air       6
 N - a book of Flames

   Spells                             Type                      Level
   a - Flame Tongue                   Conjuration/Fire             1
   b - Throw Flame                    Conjuration/Fire             2
   c - Conjure Flame                  Conjuration/Fire             3
   d - Inner Flame                    Hexes/Fire                   3
   e - Sticky Flame                   Conjuration/Fire             4
   f - Fireball                       Conjuration/Fire             5
 S - Sif Muna's Tome of Protection and Lightness
   (Sif Muna gifted it to you on level 6 of the Lair of Beasts)

   Spells                             Type                      Level
   a - Shock                          Conjuration/Air              1
   b - Ozocubu's Armour               Charms/Ice                   3
   c - Static Discharge               Conjuration/Air              3
   d - Iskenderun's Battlesphere      Conjuration/Charms           5
   e - Lightning Bolt                 Conjuration/Air              5
Miscellaneous
 m - a phantom mirror
 p - a lamp of fire
Comestibles
 h - 5 meat rations
 C - a bread ration
 O - 9 royal jellies
 Q - 12 fruits
 R - 9 beef jerkies
 V - 9 slices of pizza


   Skills:
 + Level 2.6 Fighting
 - Level 3.2 Axes
   Level 2.5 Bows
 - Level 0.1 Armour
 + Level 10.3 Dodging
 - Level 8.1 Stealth
 - Level 5.1 Shields
 + Level 13.7 Spellcasting
 + Level 10.7 Conjurations
 - Level 8.2 Hexes
 * Level 10.8 Charms
 - Level 8.2 Summonings
   Level 3.2 Translocations
 - Level 8.2 Fire Magic
 * Level 7.0 Ice Magic
 - Level 6.2 Air Magic
 - Level 12.7 Poison Magic
 + Level 10.8 Invocations


You had 3 spell levels left.
You knew the following spells:

 Your Spells              Type           Power        Failure   Level  Hunger
a - Throw Flame           Conj/Fire      ######       1%          2    None
b - Summon Butterflies    Summ           ######..     1%          1    None
e - Mephitic Cloud        Conj/Pois/Air  #######.     1%          3    None
f - Fireball              Conj/Fire      #######...   1%          5    None
g - Slow                  Hex            ######..     1%          2    None
i - Cure Poison           Pois           #######...   0%          2    None
o - Ozocubu's Armour      Chrm/Ice       #####...     1%          3    None
p - Repel Missiles        Chrm/Air       ######       1%          2    None
q - Olgreb's Toxic Radia  Pois           #######.     1%          4    None
s - Venom Bolt            Conj/Pois      #######...   1%          5    None
w - Poisonous Cloud       Conj/Pois/Air  #######...   6%          6    ###....
A - Magic Dart            Conj           ####         1%          1    None
Q - Ignite Poison         Fire/Trmt/Pois #######.     1%          3    None


Dungeon Overview and Level Annotations

Branches:
Dungeon (14/15)            Temple (1/1) D:4            Lair (8/8) D:8
  Swamp (0/4) Lair:5       Spider (1/4) Lair:4        Slime (0/6) Lair:7
    Orc (0/2) D:10
 Vaults: D:13-14

Altars:
Ashenzari
Cheibriados
Dithmenos
Elyvilon
Fedhas
Gozag
Kikubaaqudgha
Makhleb
Nemelex Xobeh
Okawaru
Pakellas
Qazlal
Ru
Sif Muna
Trog
Vehumet
Xom
Yredelemnul
Zin
The Shining One
Beogh

Shops:
D:7 =   D:11 [

Portals:
Trove: D:11 (give horn of Geryon)


Innate Abilities, Weirdness & Mutations

You can translocate small distances at will.
You are robust (+10% HP).
Your movements are slightly less encumbered by armour (ER -2).


Message History

A seven-headed hydra simulacrum comes into view.
Casting: Fireball
Confirm with . or Enter, or press ? or * to list all spells.
Aiming: Throw Flame
Press: ? - help, Shift-Dir - straight line, f - seven-headed hydra simulacrum
Aim: a seven-headed hydra simulacrum You feel a surge of power!
The puff of flame hits the seven-headed hydra simulacrum.
The seven-headed hydra simulacrum melts!
The seven-headed hydra simulacrum barely misses you.
The seven-headed hydra simulacrum bites you but does no damage.
The seven-headed hydra simulacrum bites you!
The seven-headed hydra simulacrum freezes you!
The seven-headed hydra simulacrum bites you.
The seven-headed hydra simulacrum freezes you!!
The seven-headed hydra simulacrum closely misses you.
The seven-headed hydra simulacrum misses you.
The seven-headed hydra simulacrum bites you.
The seven-headed hydra simulacrum freezes you!!
You die...

#...#
###...###
#Z#...#.#
###+#...#'###
#.'.......'.#
###.8...8.###
#.'.......+
###.8...8.###
#.'......@Z.#
###.8...8.###
#.'.......'.#
######+######
... #####


You could see a seven-headed hydra simulacrum.

Vanquished Creatures
  An Ice Fiend (IceCv)
  Gastronok (Lair:2)
  Nessos (Lair:5)
  Snorg (D:13)
  A centaur warrior (Volcano)
  Erolcha (D:12)
  8 hydras
  10 death yaks
  Urug (D:11)
  Sonja (Lair:3)
  6 hill giants
  3 unseen horrors (D:11)
  Pikel (D:9)
  2 orb spiders (Spider:1)
  A deep elf mage (D:13)
  2 griffons
  2 wolf spiders
  A cyclops (D:13)
  4 oklob plants
  3 manticores
  4 ugly things
  Maurice (D:8)
  12 black mambas
  2 centaur zombies
  2 ice statues (IceCv)
  A guardian serpent (Lair:8)
  47 elephants
  A torpor snail (Lair:3)
  20 spiny frogs
  Joseph (D:7)
  3 gargoyles
  2 molten gargoyles (Volcano)
  2 kobold demonologists
  2 demonic crawlers (Spider:1)
  8 ice devils (IceCv)
  6 komodo dragons
  7 rime drakes
  An anaconda simulacrum (IceCv)
  A golden dragon simulacrum (IceCv)
  3 yaktaurs (Volcano)
  3 jumping spiders (Spider:1)
  A queen bee (D:11)
  3 trolls
  2 two-headed ogres
  17 blink frogs
  A boulder beetle (Spider:1)
  10 redbacks
  A shadow (D:13)
  14 wyverns
  3 tarantellas (Spider:1)
  A wraith (D:11)
  A vampire (D:13)
  A dire elephant simulacrum (IceCv)
  Sigmund (D:3)
  Eustachio (D:6)
  32 yaks
  18 hippogriffs
  A human (D:7)
  15 basilisks
  2 hungry ghosts
  Menkaure (D:4)
  An iron troll simulacrum (IceCv)
  A harpy simulacrum (IceCv)
  21 water moccasins
  4 swamp worms (Lair:5)
  2 hydra simulacra (IceCv)
  22 porcupines
  11 ice beasts
  22 orc warriors
  4 wasps
  4 slaves (D:9)
  6 sky beasts
  A black bear (D:8)
  An eye of draining (D:11)
  4 necrophages
  2 phantoms
  21 wolves
  5 ogres
  16 centaurs
  29 crocodiles
  5 big kobolds
  24 giant frogs
  A wyvern zombie (D:8)
  8 scorpions
  A wyvern skeleton (D:12)
  A water moccasin skeleton (D:4)
  36 killer bees
  8 wights
  3 howler monkeys
  3 electric eels
  A lava snake (Volcano)
  5 crimson imps
  A quasit (D:9)
  5 jellies
  Crazy Yiuf (D:3)
  7 centaur skeletons
  9 hounds
  4 giant frog skeletons
  10 orc priests
  17 worker ants
  Ijyb (D:3)
  8 iguanas
  12 orc wizards
  A killer bee zombie (D:7)
  39 sheep
  A hound zombie (D:11)
  A howler monkey zombie (D:9)
  A worker ant zombie (D:11)
  7 gnolls
  21 adders
  125 river rats
  A shadow imp (D:8)
  A worm (D:3)
  7 giant geckos
  89 orcs
  4 giant cockroaches
  6 goblins
  3 hobgoblins
  11 jackals
  19 kobolds
  4 quokkas
  3 ball pythons
  6 bats
  A giant cockroach zombie (D:9)
  A giant gecko skeleton (D:4)
  4 giant newts
  A jackal skeleton (D:9)
  A jackal zombie (D:7)
  7 rats
  A bush (Lair:4)
  5 fungi
  11 plants
1036 creatures vanquished.

Vanquished Creatures (collateral kills)
  2 centaur skeletons (D:12)
  Grinder (D:6)
  Edmund (D:6)
  A giant frog (D:8)
  An oklob sapling (D:4)
  A wight (D:7)
  An orc priest (D:6)
  2 sheep (D:8)
  A giant gecko (D:3)
  4 orcs
  A kobold (D:3)
  A plant (D:4)
17 creatures vanquished.

Vanquished Creatures (others)
  A tarantella (Spider:1)
  5 bushes (D:8)
  61 fungi
  66 plants
133 creatures vanquished.

Grand Total: 1186 creatures vanquished

Notes
Turn   | Place    | Note
--------------------------------------------------------------
     0 | D:1      | Mefis the Deep Elf Wizard began the quest for the Orb.
     0 | D:1      | Reached XP level 1. HP: 10/10 MP: 7/7
   258 | D:1      | Reached XP level 2. HP: 7/15 MP: 1/9
   538 | D:1      | Learned a level 2 spell: Call Imp
   541 | D:1      | Learned a level 2 spell: Blink
   544 | D:1      | Learned a level 2 spell: Repel Missiles
  1346 | D:2      | Found a basalt altar of Yredelemnul.
  1427 | D:2      | Reached XP level 3. HP: 19/19 MP: 3/11
  1513 | D:2      | Learned a level 3 spell: Mephitic Cloud
  1648 | D:2      | Found a glowing golden altar of the Shining One.
  2508 | D:3      | Noticed Sigmund
  2775 | D:3      | Found a shattered altar of Ashenzari.
  2876 | D:3      | Reached XP level 4. HP: 24/24 MP: 1/12
  3006 | D:3      | Found an iron altar of Okawaru.
  3115 | D:3      | Killed Sigmund
  3115 | D:3      | Reached skill level 5 in Spellcasting
  3115 | D:3      | Reached skill level 1 in Poison Magic
  3115 | D:3      | Reached XP level 5. HP: 28/28 MP: 0/14
  3251 | D:3      | Noticed Crazy Yiuf
  3258 | D:3      | Killed Crazy Yiuf
  3303 | D:3      | Noticed Ijyb
  3317 | D:3      | Killed Ijyb
  3317 | D:3      | Reached XP level 6. HP: 24/32 MP: 2/15
  3322 | D:3      | Learned a level 3 spell: Conjure Flame
  3630 | D:3      | Found a glowing silver altar of Zin.
  3946 | D:4      | Noticed Menkaure
  3952 | D:4      | Killed Menkaure
  4267 | D:4      | Reached skill level 1 in Fire Magic
  4267 | D:4      | Reached XP level 7. HP: 36/36 MP: 2/17
  4271 | D:4      | Learned a level 2 spell: Slow
  4436 | D:4      | Found a staircase to the Ecumenical Temple.
  4903 | Temple   | Entered the Ecumenical Temple
  4913 | Temple   | Became a worshipper of Sif Muna the Loreminder
  5129 | D:4      | Reached skill level 1 in Hexes
  6016 | D:5      | Entered Level 5 of the Dungeon
  6020 | D:5      | Reached skill level 5 in Stealth
  6236 | D:5      | Found an opulent altar of Gozag.
  6454 | D:5      | Reached skill level 6 in Spellcasting
  7080 | D:6      | Reached XP level 8. HP: 41/41 MP: 12/19
  7216 | D:6      | Noticed Edmund
  7237 | D:6      | Reached * piety under Sif Muna
  7287 | D:6      | Killed Edmund
  7287 | D:6      | Reached skill level 5 in Dodging
  7287 | D:6      | Reached skill level 5 in Conjurations
  7709 | D:6      | Noticed Grinder
  7798 | D:6      | Killed Grinder
  8476 | D:6      | Noticed Eustachio
  8511 | D:6      | Killed Eustachio
  8511 | D:6      | Reached ** piety under Sif Muna
  8511 | D:6      | Reached XP level 9. HP: 43/45 MP: 15/21
  8958 | D:6      | Reached skill level 7 in Spellcasting
  9106 | D:7      | Found an iron altar of Okawaru.
  9133 | D:7      | Noticed Joseph
  9471 | D:7      | Killed Joseph
  9471 | D:7      | Reached skill level 1 in Charms
  9471 | D:7      | Reached skill level 5 in Summonings
  9471 | D:7      | Reached skill level 1 in Invocations
 10450 | D:7      | Found Beil's Jewellery Shoppe.
 10485 | D:7      | Found an opulent altar of Gozag.
 10612 | D:7      | Reached *** piety under Sif Muna
 10612 | D:7      | Reached skill level 5 in Poison Magic
 10850 | D:8      | Noticed Maurice
 10873 | D:8      | Reached skill level 5 in Hexes
 11248 | D:8      | Reached XP level 10. HP: 50/50 MP: 4/23
 11944 | D:8      | Killed Maurice
 11944 | D:8      | Reached skill level 1 in Bows
 12296 | D:8      | Reached skill level 8 in Spellcasting
 12603 | D:8      | Found a staircase to the Lair.
 12675 | D:8      | Reached **** piety under Sif Muna
 12847 | D:8      | Found a shimmering altar of Xom.
 13169 | D:8      | Gained mutation: You are robust (+10% HP). [mutagenic meat]
 13170 | D:8      | Gained mutation: You can translocate small distances at will. [mutagenic meat]
 13173 | D:8      | Gained mutation: Your movements are slightly less encumbered by armour (ER -2). [mutagenic meat]
 13267 | D:8      | Found a sparkling altar of Nemelex Xobeh.
 13603 | D:9      | You fall through a shaft for 3 floors!
 13636 | D:12     | Found a roughly hewn altar of Beogh.
 13644 | D:13     | Noticed a gargoyle
 13744 | D:11     | Found Ytill's Armour Shop.
 13744 | D:11     | Noticed a hill giant
 13774 | D:10     | Entered Level 10 of the Dungeon
 13787 | D:10     | Found a staircase to the Orcish Mines.
 13835 | D:9      | Found a flagged portal.
 13848 | Bailey   | Entered a bailey
 14230 | Bailey   | Reached skill level 1 in Fighting
 14482 | Bailey   | Learned a level 5 spell: Venom Bolt
 14487 | Bailey   | Learned a level 4 spell: Olgreb's Toxic Radiance
 14616 | Bailey   | Reached skill level 1 in Air Magic
 14739 | Bailey   | Reached skill level 5 in Invocations
 15099 | Bailey   | Reached XP level 11. HP: 61/61 MP: 10/25
 15433 | Bailey   | Learned a level 1 spell: Sting
 15436 | Bailey   | Learned a level 2 spell: Cure Poison
 15804 | D:9      | Noticed Pikel
 16001 | Lair:1   | Entered Level 1 of the Lair of Beasts
 16286 | D:9      | Reached ***** piety under Sif Muna
 16465 | D:9      | Killed Pikel
 17307 | D:10     | Reached skill level 9 in Spellcasting
 18566 | D:11     | Found a portal to a secret trove of treasure.
 18876 | D:11     | Killed a hill giant
 18883 | D:11     | Bought a +2 pair of boots of stealth for 279 gold pieces
 18883 | D:11     | Bought a +0 shield for 58 gold pieces
 19059 | D:11     | Reached skill level 1 in Shields
 19147 | D:11     | Noticed Urug
 19253 | D:11     | Killed Urug
 19761 | D:11     | Reached skill level 10 in Spellcasting
 20044 | D:11     | Reached XP level 12. HP: 28/67 MP: 5/28
 20286 | D:11     | Reached ****** piety under Sif Muna
 20286 | D:11     | Received a gift from Sif Muna
 20286 | D:11     | Reached skill level 10 in Poison Magic
 20343 | D:11     | Learned a level 5 spell: Fireball
 20348 | D:11     | Learned a level 3 spell: Inner Flame
 20453 | D:11     | Noticed a five-headed hydra
 20587 | D:11     | Reached skill level 5 in Fire Magic
 20711 | D:11     | Killed a five-headed hydra
 22738 | D:12     | Reached skill level 5 in Shields
 22742 | D:12     | Noticed Erolcha
 22747 | D:12     | Killed Erolcha
 23212 | D:12     | Learned a level 5 spell: Alistair's Intoxication
 24223 | D:13     | Found an oddly glowing altar of Pakellas.
 24493 | D:13     | Noticed Snorg
 24498 | D:13     | Reached skill level 11 in Spellcasting
 24498 | D:13     | Reached XP level 13. HP: 70/71 MP: 4/30
 24544 | D:13     | Killed Snorg
 25495 | D:13     | Learned a level 2 spell: Throw Flame
 26529 | D:13     | Received a gift from Sif Muna
 26530 | D:13     | Identified Paff's Handbook of Slavery and Poison (Sif Muna gifted it to you on level 13 of the Dungeon)
 26660 | D:13     | Learned a level 1 spell: Summon Butterflies
 26780 | Lair:1   | Learned a level 3 spell: Ignite Poison
 26789 | Lair:1   | Learned a level 6 spell: Poisonous Cloud
 28695 | Lair:2   | Learned a level 5 spell: Summon Forest
 29993 | Lair:2   | Noticed Gastronok
 30011 | Lair:2   | Killed Gastronok
 30963 | Lair:3   | Noticed Sonja
 31143 | Lair:3   | Killed Sonja
 31611 | Lair:3   | Learned a level 3 spell: Ignite Poison
 31614 | Lair:3   | Learned a level 2 spell: Passwall
 31808 | Lair:3   | Reached skill level 12 in Spellcasting
 31809 | Lair:3   | Reached XP level 14. HP: 74/77 MP: 13/32
 31947 | Lair:3   | Reached skill level 5 in Air Magic
 32362 | Lair:3   | Got an ivory hand axe
 32363 | Lair:3   | Identified the +9 hand axe "Esteg" {chop, rElec rN+ Str+2 Dex+3} (You found it on level 3 of the Lair of Beasts)
 33503 | Lair:4   | Found a hole to the Spider Nest.
 34677 | Lair:5   | Noticed Nessos
 34769 | Lair:5   | Reached skill level 1 in Axes
 35635 | Lair:5   | Found a staircase to the Swamp.
 36044 | Lair:5   | Killed Nessos
 37571 | Lair:6   | Reached skill level 10 in Invocations
 37634 | Lair:6   | Received a gift from Sif Muna
 37799 | Lair:6   | Identified Sif Muna's Tome of Protection and Lightness (Sif Muna gifted it to you on level 6 of the Lair of Beasts)
 37804 | Lair:6   | Learned a level 3 spell: Ozocubu's Armour
 38135 | Lair:6   | Reached skill level 5 in Charms
 39016 | Lair:7   | Found a dark tunnel.
 39020 | Lair:7   | Reached skill level 1 in Ice Magic
 39213 | Lair:7   | Learned a level 5 spell: Lightning Bolt
 39222 | Lair:7   | Learned a level 5 spell: Iskenderun's Battlesphere
 39224 | Lair:7   | Learned a level 1 spell: Magic Dart
 39284 | Volcano  | Entered a volcano
 39712 | Volcano  | Found a burning altar of Makhleb.
 39715 | Volcano  | Reached XP level 15. HP: 81/81 MP: 26/33
 40231 | Lair:1   | Learned a level 5 spell: Fireball
 40236 | Lair:1   | Learned a level 3 spell: Ignite Poison
 40238 | Lair:1   | Learned a level 1 spell: Magic Dart
 40472 | Lair:7   | Reached skill level 10 in Conjurations
 40571 | Lair:7   | Learned a level 1 spell: Summon Butterflies
 40574 | Lair:7   | Learned a level 2 spell: Throw Flame
 40577 | Lair:7   | Learned a level 2 spell: Cure Poison
 40834 | Lair:7   | Reached skill level 13 in Spellcasting
 41354 | Lair:7   | Found a staircase to the Slime Pits.
 42674 | Lair:8   | Entered Level 8 of the Lair of Beasts
 42745 | Lair:8   | Reached skill level 5 in Ice Magic
 44603 | Lair:8   | Reached skill level 10 in Dodging
 45217 | D:7      | Bought an uncursed amulet of magic regeneration for 360 gold pieces
 45217 | D:7      | Bought a +4 ring of protection for 432 gold pieces
 46202 | Spider:1 | Entered Level 1 of the Spider Nest
 46288 | Spider:1 | Reached skill level 10 in Charms
 46303 | Spider:1 | Found a frozen archway.
 46530 | Spider:1 | Reached XP level 16. HP: 73/89 MP: 32/35
 46599 | IceCv    | Entered an ice cave
 47168 | IceCv    | Noticed an Ice Fiend
 47176 | IceCv    | Killed an Ice Fiend
 47228 | IceCv    | Slain by a seven-headed hydra simulacrum

Skill      XL: |  1  2  3  4  5  6  7  8  9 10 11 12 13 14 15 16 |
---------------+-------------------------------------------------+-----
Conjurations   | 2 3 4 5 6 7 8 9 10 | 10.7
Stealth        | 3 4 5 6 7 8 |  8.1
Dodging        | 3 4 5 6 7 9 10 | 10.3
Summonings     | 2 3 4 5 6 8 |  8.2
Spellcasting   | 5 6 7 8 10 11 12 13 | 13.7
Poison Magic   | 1 2 3 4 5 6 9 11 12 | 12.7
Fire Magic     | 1 3 4 7 8 |  8.2
Hexes          | 2 3 5 7 8 |  8.2
Charms         | 3 4 5 10 | 10.8
Invocations    | 3 5 7 8 9 10 | 10.8
Bows           | 2 |  2.5
Fighting       | 1 2 |  2.6
Air Magic      | 1 2 4 6 |  6.2
Shields        | 3 5 |  5.1
Translocations | 3 |  3.2
Axes           | 2 3 |  3.2
Ice Magic      | 2 6 7 |  7.0
Armour         | |  0.1

Action                   |  1- 3 |  4- 6 |  7- 9 | 10-12 | 13-15 | 16-18 || total
-------------------------+-------+-------+-------+-------+-------+-------++-------
Melee: Mace              |     4 |       |    33 |       |       |       ||    37
       Dagger            |     5 |     5 |     1 |       |       |       ||    11
       Quarterstaff      |       |     6 |    42 |       |       |       ||    48
       Dire flail        |       |       |    37 |       |     2 |       ||    39
       Hand axe          |       |       |       |       |   101 |       ||   101
       Staff             |       |       |       |       |     8 |       ||     8
 Fire: Shortbow          |       |       |    84 |   366 |    76 |       ||   526
       Hunting sling     |       |       |    25 |       |       |       ||    25
Throw: Tomahawk          |       |       |     4 |       |       |       ||     4
       Throwing net      |       |       |     1 |       |       |       ||     1
 Cast: Magic Dart        |    75 |    71 |   367 |   373 |    65 |       ||   951
       Repel Missiles    |     1 |       |     1 |     2 |       |       ||     4
       Call Imp          |     3 |       |    36 |    13 |       |       ||    52
       Mephitic Cloud    |     1 |     6 |    24 |    82 |    23 |       ||   136
       Conjure Flame     |       |     1 |    21 |    42 |     7 |       ||    71
       Blink             |       |       |     2 |     6 |       |       ||     8
       Venom Bolt        |       |       |       |   126 |   301 |     1 ||   428
       Olgreb's Toxic Ra |       |       |       |    52 |    40 |       ||    92
       Sting             |       |       |       |    92 |       |       ||    92
       Cure Poison       |       |       |       |     5 |     1 |     1 ||     7
       Fireball          |       |       |       |    31 |   109 |    31 ||   171
       Slow              |       |       |       |     5 |     9 |     5 ||    19
       Alistair's Intoxi |       |       |       |     2 |       |       ||     2
       Inner Flame       |       |       |       |     1 |       |       ||     1
       Throw Flame       |       |       |       |       |   458 |    33 ||   491
       Poisonous Cloud   |       |       |       |       |    38 |     1 ||    39
       Ignite Poison     |       |       |       |       |    43 |     1 ||    44
       Summon Forest     |       |       |       |       |     1 |       ||     1
       Iskenderun's Batt |       |       |       |       |     8 |       ||     8
       Lightning Bolt    |       |       |       |       |     2 |       ||     2
       Ozocubu's Armour  |       |       |       |       |     1 |     1 ||     2
       Summon Butterflie |       |       |       |       |     1 |       ||     1
Invok: Channel Energy    |       |       |    18 |    94 |   105 |     1 ||   218
       Forget Spell      |       |       |       |     4 |    12 |       ||    16
 Abil: Blink             |       |       |       |     2 |    17 |       ||    19
Evoke: Sack of spiders   |       |       |       |     3 |     1 |       ||     4
  Use: Scroll            |       |       |    10 |    15 |    18 |       ||    43
       Potion            |       |       |     3 |     2 |       |       ||     5
 Stab: Sleeping          |     2 |     2 |     4 |       |     1 |       ||     9
       Confused          |       |       |     5 |       |       |       ||     5
       Petrified         |       |       |     1 |       |       |       ||     1
  Eat: Chunk             |     5 |     4 |     8 |    34 |    71 |       ||   122
       Meat ration       |       |       |     2 |     3 |     1 |       ||     6
       Bread ration      |       |       |     2 |     5 |     5 |     1 ||    13
       Fruit             |       |       |       |     4 |     1 |       ||     5
       Royal jelly       |       |       |       |     1 |       |       ||     1
Armor: Robe              |    11 |     2 |    39 |    24 |       |       ||    76
       Troll leather arm |       |       |       |    58 |   110 |    12 ||   180
Dodge: Dodged            |    28 |    16 |   140 |   421 |   327 |    26 ||   958
       Deflected         |     1 |       |     4 |    13 |     9 |     1 ||    28
Block: Buckler           |       |       |       |       |    58 |     9 ||    67
